 Dungeon Crawl Stone Soup version 0.30.2 (webtiles) character file.

Game seed: 10342275360249352272

16 porpoise the Caller (level 2, 0/16 HPs)
             Began as a Tengu Summoner on Feb 7, 2024.
             Slain by an endoplasm (3 damage)
             ... on level 1 of the Dungeon.
             The game lasted 00:02:00 (298 turns).

porpoise the Caller (Tengu Summoner)                 Turns: 298, Time: 00:02:01

Health: 0/16       AC:  2    Str:  8    XL:     2   Next: 58%
Magic:  6/6        EV: 12    Int: 15    God:
Gold:   26         SH:  0    Dex: 14    Spells: 4/5 levels left

rFire   . . .        a - +0 dagger
rCold   . . .        (no shield)
rNeg    . . .        e - +0 robe
rPois   .            (helmet restricted)
rElec   .            (no cloak)
rCorr   .            (no gloves)
SInv    .            (boots unavailable)
Will    .....        (no amulet)
Stlth   ++           (no ring)
HPRegen 0.22/turn    (no ring)
MPRegen 0.10/turn

%: no passive effects
@: no status effects
A: beak, talons 3
a: no special abilities


You were on level 1 of the Dungeon.
You visited 1 branch of the dungeon, and saw 1 of its levels.

You collected 26 gold pieces.

Inventory:

Hand Weapons
 a - a +0 dagger (weapon)
Armour
 e - a +0 robe (worn)
Magical Staves
 f - a staff of conjuration
Scrolls
 d - a scroll of identify {unknown}
 h - a scroll of teleportation {unknown}
Potions
 b - a potion of magic
 c - a potion of attraction {unknown}
 g - a potion of invisibility {unknown}


   Skills:
 + Level 0.8 Fighting
 - Level 2.1 Dodging
 - Level 2.0 Stealth
 + Level 2.2 Spellcasting
 * Level 5.2 Summonings


You had 4 spell levels left.
You knew the following spells:

 Your Spells              Type           Power      Damage    Failure   Level
a - Summon Small Mammal   Summ           68%        N/A       2%          1

Your spell library contained the following spells:

 Spells                   Type           Power      Damage    Failure   Level
 Call Imp                 Summ           34%        N/A       3%          2
 Call Canine Familiar     Summ           17%        N/A       8%          3
 Summon Guardian Golem    Hex/Summ       9%         N/A       22%         3
 Summon Lightning Spire   Summ/Air       9%         N/A       58%         4


Dungeon Overview and Level Annotations

Branches:
Dungeon (1/15)

Altars:


Innate Abilities, Weirdness & Mutations

You have a beak for a mouth.
You have claws for feet.


Message History

The endoplasm attacks as you move away! The endoplasm barely misses you.
The bat barely misses you.
You see here a hobgoblin corpse.
The endoplasm attacks as you move away! The endoplasm closely misses you.
The bat closely misses you. The bat hits you but does no damage.
You hit the bat.
The bat is severely wounded.
The bat barely misses you. The bat closely misses you.
You closely miss the bat. Your peck misses the bat.
The bat is severely wounded.
The bat hits you. The bat closely misses you.
You hit the bat.
You kill the bat!
You hit the dart slug but do no damage.
The dart slug is heavily wounded.
The dart slug launches a dart at you. The slug dart hits you.
You hit the dart slug but do no damage.
The dart slug is heavily wounded.
The dart slug barely misses you.
You barely miss the dart slug.
You peck the dart slug, but do no damage.
The dart slug is heavily wounded.
You hit the dart slug but do no damage. You claw the dart slug.
The dart slug is almost dead.
The dart slug launches a dart at you. The slug dart hits you.
* * * LOW HITPOINT WARNING * * *
You hit the dart slug but do no damage.
The dart slug is almost dead.
The dart slug completely misses you.
You hit the dart slug.
You kill the dart slug!
You hit the endoplasm but do no damage. You claw the endoplasm.
The endoplasm is severely wounded.
The endoplasm closely misses you.
You hit the endoplasm.
The endoplasm is almost dead.
The endoplasm hits you.
You die...

..##.#
#8.........8#
..##.#
+...........+
..####
#8.........8# ..#
##.........## ..#
.#######8.....8##
#...
.......##.....##
...
.......###8.8##
># ........###'##
.......KJ@..#
.......######
....... .......
....... #####.#
#. #.


You could see an endoplasm and a kobold.

Vanquished Creatures
  A dart slug (D:1)
  An endoplasm (D:1)
  A goblin (D:1)
  2 hobgoblins (D:1)
  A ball python (D:1)
  2 bats (D:1)
  A frilled lizard (D:1)
  2 rats (D:1)
11 creatures vanquished.

Vanquished Creatures (collateral kills)
  An endoplasm (D:1)
  A goblin (D:1)
  A bat (D:1)
  A frilled lizard (D:1)
4 creatures vanquished.

Grand Total: 15 creatures vanquished

Notes
Turn   | Place    | Note
-------+----------+-------------------------------------------
     0 | D:1      | porpoise the Tengu Summoner began the quest for the Orb.
     0 | D:1      | Reached XP level 1. HP: 10/10 MP: 4/4
    76 | D:1      | Reached skill level 5 in Summonings
   205 | D:1      | Reached XP level 2. HP: 15/16 MP: 6/6
   215 | D:1      | Found a faded altar of an unknown god.
   298 | D:1      | Slain by an endoplasm

Illustrated notes

Levels and vault maps discovered:
D:1:      amcnicky_arrival_abandoned_market, layout_basic,
          ebering_ecumenical_altar_box, kennysheep_flooded_box,
          chequers_decorated_corner, roderic_roman_lattice, dk_noncrumbling_4

Skill      XL: |  1 |
---------------+----+-----
Summonings     | 5 |  5.2
Fighting       | |  0.8
Dodging        | |  2.1
Stealth        | |  2.0
Spellcasting   | |  2.2

Action                     || total
---------------------------++-------
  Melee: Dagger            ||    34
         Unarmed           ||     3
         Peck              ||     4
         Kick              ||     8
   Cast: Summon Small Mamm ||     4
   Stab: Sleeping          ||     1
 Armour: Robe              ||    12
  Dodge: Dodged            ||    26
